Map: Deathaura LE

Players

TripleTilde

  • Race: Protoss Protoss
  • Spawn Location: 5:00

ViBE - Winner!

  • Race: Protoss Protoss
  • League: Silver
  • Spawn Location: 11:00

VOD

https://www.youtube.com/watch?v=VjhJ7E-kFgw&list=PLFeZeom2b4DnD3FIu7pzkXl51JX_WWz2h&index=2

Description

Time

  • Played on: March 11, 2021, 8:51 p.m.
  • Length: 18:07
Show
View Real Time Build Order
Export as new Build Order

TripleTilde Protoss 

Build Orders: Double Forge 

Get SALT Encoding   

  12  0:00  Probe  
  13  0:23  Probe  
  15  0:35  Probe  
  15  0:56  Pylon  
  15  1:14  Probe (Chrono Boost)  
  16  1:22  Assimilator, Gateway, Probe (Chrono Boost)  
  17  1:34  Probe (Chrono Boost)  
  18  1:41  Probe (Chrono Boost)  
  19  1:48  Probe  
  20  2:00  Probe  
  21  2:12  Probe  
  21  2:15  Cybernetics Core  
  22  2:24  Probe  
  22  2:25  Nexus  
  23  2:52  Pylon x2, Warp Gate  
  23  2:53  Pylon  
  23  3:10  Probe  
  24  3:18  Pylon  
  24  3:20  Pylon  
  24  3:22  Probe  
  24  3:23  Pylon  
  25  3:34  Probe (Chrono Boost)  
  27  3:44  Probe (Chrono Boost)  
  27  3:47  Shield Battery, Probe (Chrono Boost)  
  28  3:49  Zealot  
  28  3:55  Probe x2 (Chrono Boost)  
  32  4:05  Probe (Chrono Boost)  
  34  4:10  Probe (Chrono Boost)  
  34  4:12  Probe (Chrono Boost)  
  34  4:14  Forge  
  34  4:15  Forge  
  34  4:16  Zealot, Probe  
  38  4:19  Probe  
  39  4:24  Gateway  
  39  4:28  Probe  
  39  4:29  Gateway  
  39  4:31  Gateway  
  40  4:32  Probe  
  41  4:41  Probe  
  41  4:43  Zealot  
  41  4:44  Probe  
  45  4:46  Protoss Air Weapons Level 1  
  45  4:47  Assimilator  
  45  4:51  Assimilator  
  45  4:53  Protoss Ground Weapons Level 1, Protoss Ground Armor Level 1, Probe  
  45  4:56  Probe  
  47  5:07  Probe  
  47  5:08  Probe  
  47  5:10  Zealot  
  51  5:19  Probe  
  51  5:20  Probe  
  53  5:23  Assimilator  
  53  5:24  Nexus  
  53  5:31  Probe  
  53  5:32  Probe  
  55  5:37  Zealot  
  57  5:43  Probe  
  57  5:44  Probe  
  59  5:55  Pylon  
  59  5:57  Pylon  
  59  5:58  Stalker x3  
  59  6:00  Probe (Chrono Boost)  
  67  6:05  Probe (Chrono Boost)  
  68  6:12  Probe (Chrono Boost)  
  68  6:16  Probe x2 (Chrono Boost)  
  70  6:25  Probe (Chrono Boost)  
  71  6:26  Stargate  
  71  6:28  Stargate  
  71  6:32  Probe (Chrono Boost)  
  72  6:36  Probe (Chrono Boost)  
  75  6:40  Probe x2 (Chrono Boost)  
  75  6:41  Probe (Chrono Boost)  
  75  6:45  Stalker x3  
  75  6:46  Stalker  
  84  6:51  Probe x3  
  87  6:56  Pylon  
  87  6:57  Pylon  
  87  7:00  Pylon  
  87  7:02  Protoss Shields Level 1  
  87  7:03  Assimilator, Probe (Chrono Boost)  
  87  7:04  Assimilator, Probe (Chrono Boost)  
  90  7:09  Probe (Chrono Boost)  
  90  7:13  Probe (Chrono Boost)  
  90  7:14  Probe (Chrono Boost)  
  92  7:17  Probe (Chrono Boost)  
  92  7:21  Probe x2  
  94  7:27  Void Ray x2  
  94  7:28  Probe  
  96  7:31  Nexus  
  96  7:33  Probe x2  
  106  7:40  Probe  
  107  7:45  Probe x2  
  109  7:52  Probe  
  109  7:57  Probe  
  111  8:03  Probe  
  111  8:04  Void Ray x2  
  111  8:05  Pylon  
  112  8:11  Stalker x2  
  112  8:12  Stalker x2  
  128  8:21  Gateway  
  128  8:24  Gateway  
  128  8:25  Gateway  
  128  8:26  Probe x2  
  130  8:31  Gateway x2  
  130  8:38  Stalker x2  
  130  8:39  Stalker x2  
  138  8:49  Void Ray, Probe  
  138  8:50  Void Ray, Probe  
  148  9:08  Robotics Facility  
  148  9:22  Assimilator  
  148  9:25  Assimilator  
  148  9:26  Void Ray  
  148  9:27  Void Ray  
  156  9:44  Stalker  
  156  9:45  Stalker x3  
  162  9:50  Nexus  
  164  9:56  Pylon  
  164  9:58  Pylon x3  
  164  10:00  Pylon  
  164  10:02  Pylon  
  164  10:08  Void Ray  
  164  10:16  Twilight Council, Probe (Chrono Boost)  
  169  10:24  Probe  
  170  10:30  Fleet Beacon  
  170  10:46  Stalker x3  
  170  10:47  Stalker  
  178  10:59  Stalker  
  178  11:00  Stalker x3  
  178  11:03  Void Ray x2, Probe  
  163  11:20  Stalker x3  
  163  11:21  Stalker  
  163  11:22  Stalker  
  163  11:24  Stalker x2  
  129  11:40  Void Ray x2  
  129  11:44  Protoss Ground Weapons Level 2  
  137  12:02  Protoss Air Armor Level 1  
  137  12:03  Unknown  
  137  12:04  Unknown  
  137  12:07  Stalker  
  137  12:08  Stalker x4  
  143  12:09  Stalker x3  
  153  12:17  Void Ray x2  
  161  12:44  Stalker x3  
  161  12:45  Fleet Beacon, Stalker x4  
  161  12:46  Stalker  
  177  12:54  Void Ray x2  
  185  13:27  Stalker x2  
  185  13:28  Stalker x5  
  185  13:29  Stalker  
  191  13:37  Tempest x2  
  175  13:44  Probe  
  106  14:12  Stalker  
  106  14:13  Stalker x4  
  106  14:14  Stalker x3  
  119  14:17  Protoss Ground Armor Level 2  
  119  14:20  Void Ray x2  
  93  14:52  Probe  
  93  14:55  Nexus, Probe x2  
  93  14:56  Probe  
  93  14:57  Void Ray x2  
  96  15:05  Probe  
  105  15:07  Probe  
  105  15:08  Probe x2  
  107  15:15  Stalker  
  107  15:16  Stalker x4  
  107  15:17  Stalker x3  
  123  15:26  Anion Pulse-Crystals  
  123  15:32  Charge  
  123  15:34  Void Ray x2  
  101  16:07  Mothership  
  86  16:11  Pylon, Void Ray  
  86  16:12  Pylon, Void Ray  
  86  16:13  Pylon  
  86  16:16  Pylon  
  72  16:27  Nexus  
  72  16:29  Stalker  
  72  16:30  Flux Vanes, Stalker x5  
  72  16:31  Stalker  
  78  16:41  Gateway  
  78  16:42  Gateway x2  
  78  16:46  Assimilator  
  78  16:48  Gateway x2, Void Ray  
  78  16:49  Assimilator, Void Ray  
  76  17:03  Stalker x3  
  76  17:04  Stalker  
  72  17:24  Immortal  
  56  17:33  Probe  
  51  17:45  Probe  
  51  17:46  Stalker x2  
Show
View Real Time Build Order
Export as new Build Order

ViBE Protoss - Winner!

Build Orders: 1 Gate Expand 

Get SALT Encoding   

  12  0:00  Probe  
  13  0:12  Probe  
  14  0:25  Probe  
  15  0:31  Pylon  
  15  0:49  Probe  
  16  0:57  Gateway  
  16  1:01  Probe  
  16  1:02  Assimilator  
  17  1:13  Probe  
  18  1:23  Nexus  
  18  1:27  Pylon  
  18  1:34  Probe  
  18  1:39  Assimilator  
  19  1:46  Probe  
  20  2:01  Cybernetics Core  
  20  2:03  Probe  
  21  2:15  Probe  
  22  2:34  Probe  
  22  2:35  Probe  
  24  2:38  Stalker, Warp Gate  
  26  2:46  Probe  
  26  2:47  Probe  
  28  2:53  Robotics Facility  
  28  2:54  Gateway  
  28  2:58  Probe  
  29  2:59  Probe  
  30  3:09  Stalker  
  30  3:10  Probe  
  30  3:12  Probe  
  34  3:22  Probe  
  34  3:24  Probe  
  36  3:39  Probe x2  
  38  3:44  Observer  
  38  3:47  Stalker x2  
  43  3:59  Probe x2  
  45  4:05  Nexus  
  45  4:07  Pylon  
  45  4:11  Pylon, Probe  
  46  4:25  Observer, Probe  
  46  4:29  Assimilator  
  46  4:31  Assimilator  
  48  4:33  Pylon  
  48  4:37  Pylon  
  48  4:39  Probe x2  
  48  4:40  Pylon  
  50  4:46  Stalker x2  
  50  4:49  Immortal  
  58  4:57  Probe x2  
  60  5:19  Probe x2  
  60  5:20  Probe  
  63  5:27  Stalker  
  63  5:28  Stalker  
  67  5:31  Probe  
  67  5:32  Probe x2  
  70  5:47  Probe x3  
  73  5:59  Probe x3  
  76  6:18  Pylon  
  76  6:21  Pylon, Stalker  
  76  6:22  Stalker  
  76  6:23  Immortal  
  84  6:26  Pylon  
  84  6:29  Probe x2  
  84  6:30  Probe  
  87  6:54  Probe  
  87  6:55  Probe x2  
  90  7:08  Probe x3  
  93  7:20  Nexus, Stalker x2  
  93  7:21  Pylon  
  93  7:22  Immortal  
  101  7:25  Pylon  
  101  7:26  Robotics Facility  
  101  7:36  Gateway x2  
  101  7:39  Gateway  
  101  7:41  Gateway  
  101  7:43  Gateway  
  101  7:45  Gateway  
  101  7:48  Gateway  
  101  7:50  Gateway  
  101  7:51  Gateway  
  101  7:59  Probe x3  
  104  8:08  Assimilator  
  104  8:09  Assimilator  
  104  8:27  Probe x3  
  107  8:56  Probe x2  
  107  8:57  Probe  
  107  8:58  Stalker x2  
  114  9:03  Immortal x2  
  122  9:12  Pylon  
  122  9:15  Pylon, Probe x3  
  122  9:16  Probe  
  126  9:18  Twilight Council, Forge  
  126  9:31  Nexus, Stalker  
  126  9:32  Pylon  
  126  9:33  Stalker x2  
  126  9:34  Pylon, Stalker  
  126  9:35  Stalker  
  126  9:36  Stalker  
  126  9:37  Stalker x2  
  142  9:38  Stalker  
  142  9:39  Stalker  
  142  9:40  Stalker  
  142  9:43  Assimilator  
  142  9:44  Assimilator  
  142  9:45  Probe x3  
  150  9:46  Probe  
  152  9:58  Immortal x2  
  152  9:59  Stalker  
  162  10:00  Stalker  
  162  10:01  Stalker x2  
  162  10:02  Stalker  
  162  10:03  Stalker x2  
  162  10:04  Stalker  
  162  10:05  Stalker  
  162  10:06  Stalker x2  
  182  10:15  Pylon  
  182  10:17  Pylon  
  182  10:18  Protoss Ground Weapons Level 1  
  182  10:24  Stalker x2  
  182  10:25  Stalker  
  188  10:42  Stalker x2  
  190  10:43  Stalker  
  190  10:44  Stalker  
  190  10:45  Stalker x2  
  177  11:08  Immortal x2  
  177  11:09  Stalker  
  177  11:10  Stalker  
  177  11:11  Stalker x2  
  166  11:12  Stalker x2  
  166  11:13  Stalker  
  166  11:14  Stalker x2  
  166  11:15  Stalker  
  166  11:16  Stalker  
  166  11:18  Probe x3  
  162  11:21  Gateway  
  162  11:22  Gateway  
  162  11:24  Gateway  
  145  11:27  Gateway  
  145  11:30  Gateway  
  134  11:35  Pylon  
  134  11:36  Stalker  
  134  11:37  Stalker x2  
  134  11:38  Stalker  
  134  11:39  Pylon, Stalker  
  139  11:40  Stalker x2  
  139  11:41  Stalker  
  139  11:42  Stalker  
  139  11:43  Stalker  
  139  11:44  Stalker  
  151  11:47  Probe x4  
  151  11:48  Probe  
  151  11:52  Assimilator  
  156  11:59  Probe  
  157  12:18  Stalker  
  157  12:22  Stalker x2  
  161  12:23  Stalker  
  161  12:24  Stalker  
  161  12:25  Stalker  
  161  12:26  Probe x4  
  161  12:27  Probe  
  174  12:31  Stalker x2  
  174  12:32  Stalker  
  174  12:33  Stalker  
  174  12:34  Stalker  
  174  12:35  Stalker x2  
  174  12:36  Stalker  
  190  12:37  Stalker  
  190  12:38  Stalker, Probe  
  195  12:51  Assimilator  
  195  12:53  Assimilator  
  195  13:12  Gateway  
  195  13:14  Gateway  
  195  13:17  Gateway  
  195  13:19  Gateway  
  193  13:23  Protoss Ground Weapons Level 2  
  193  13:24  Gateway  
  193  13:34  Stalker x2  
  169  13:36  Stalker x2  
  169  13:37  Stalker  
  169  13:38  Stalker x2  
  169  13:39  Stalker  
  169  13:40  Stalker  
  169  13:41  Stalker x2  
  175  13:42  Stalker  
  175  13:43  Stalker x2  
  175  13:44  Stalker  
  175  13:45  Stalker  
  167  13:49  Immortal x2  
  141  14:06  Stalker x2  
  141  14:07  Stalker  
  141  14:08  Stalker  
  141  14:09  Stalker x2  
  147  14:10  Stalker  
  147  14:11  Stalker x2  
  147  14:12  Nexus, Stalker  
  147  14:13  Stalker x2  
  147  14:14  Stalker  
  147  14:15  Pylon, Stalker  
  147  14:16  Stalker x2  
  167  14:17  Pylon, Stalker  
  167  14:18  Stalker x2  
  167  14:19  Stalker  
  167  14:20  Stalker  
  177  14:41  Immortal x2  
  177  14:43  Stalker  
  177  14:44  Stalker  
  177  14:45  Stalker  
  189  14:46  Stalker x2  
  189  14:47  Stalker  
  189  14:48  Stalker  
  189  14:50  Stalker  
  189  14:52  Stalker  
  185  15:02  Stalker x2  
  185  15:03  Stalker  
  185  15:04  Stalker  
  185  15:05  Stalker  
  191  15:12  Stalker x2  
  191  15:13  Stalker  
  183  15:15  Stalker  
  183  15:18  Stalker  
  187  15:21  Stalker  
  187  15:22  Stalker  
  187  15:27  Stalker  
  193  15:31  Immortal  
  193  15:34  Stalker  
  185  16:08  Pylon  
  185  16:10  Gateway  
  181  16:18  Assimilator  
  181  16:19  Assimilator  
  181  16:39  Pylon  
  179  16:48  Immortal  
  179  16:49  Immortal  
  179  16:52  Stalker x2  
  179  16:53  Stalker  
  179  16:54  Stalker x2  
  195  16:55  Stalker  
  187  17:34  Stalker  
  187  17:35  Stalker x2  
  187  17:36  Stalker  
  195  17:37  Stalker  
  195  17:38  Stalker  
  195  17:39  Stalker  
Tags
 
League
Silver
Matchup
PvP
Player
ViBE
Replay Pack
Bronze_League
Spawn Locations
Cross Positions
Add a new tag
Caveats
  • Supply blocks, unpowered buildings, or Contaminate may cause inaccurate times.
  • Supply counts are checked every 10 seconds.